 Dungeon Crawl Stone Soup version 0.27-a0-1147-gb3d8e82157 (webtiles) character file.

Game seed: 11671287624406901777

10743 Shayle the Protected (level 11, -9/63 HPs)
             Began as a Gargoyle Ice Elementalist on May 11, 2021.
             Was a Believer of Vehumet.
             Killed from afar by Fannar (41 damage)
             ... with a bolt of cold
             ... on level 1 of the Lair of Beasts.
             The game lasted 00:33:03 (12205 turns).

Shayle the Protected (Gargoyle Ice Elementalist)   Turns: 12205, Time: 00:33:04

Health: -9/63      AC: 29    Str: 17    XL:     11   Next: 66%
Magic:  23/24      EV: 11    Int: 20    God:    Vehumet [**....]
Gold:   699        SH:  0    Dex: 10    Spells: 17/28 levels left

rFire    . . .     SeeInvis +   y - +2 war axe (holy)
rCold    . . .     Faith    .   (no shield)
rNeg     + . .     Spirit   .   z - +0 steam dragon scales
rPois    ∞         Reflect  .   G - +0 helmet
rElec    +         Harm     .   b - +2 cloak
rCorr    .         Rampage  .   O - +0 pair of gloves
Will     ++...                  (no boots)
Stlth    ++........             (no amulet)
HPRegen  0.20/turn              u - ring "Xidum" {rPois Will++ Slay+2 SInv}
MPRegen  0.19/turn              q - +6 ring of strength

@: ice-armoured
A: sickness immunity, AC +8, negative energy resistance 1, electricity
resistance, torment resistance 1, petrification resistance
a: Renounce Religion


You were on level 1 of the Lair of Beasts.
You worshipped Vehumet.
Vehumet was pleased with you.
You visited 3 branches of the dungeon, and saw 12 of its levels.
You also visited: Ossuary.

You collected 699 gold pieces.

Inventory:

Hand Weapons
 k - a +2 whip of electrocution
 y - a +2 war axe of holy wrath (weapon)
 D - the +3 rapier of Heraeb {pain, rPois}
   (You found it on level 7 of the Dungeon)

   In the hands of one skilled in necromantic magic, it inflicts extra damage on
   living creatures.
   It protects you from poison.
 P - a +4 scimitar of flaming
Missiles
 o - 4 throwing nets
Armour
 a - a +0 robe
 b - a +2 cloak (worn)
 z - +0 steam dragon scales (worn)
 G - a +0 helmet (worn)
 K - a +2 tower shield
 O - a +0 pair of gloves (worn)
Jewellery
 f - a ring of fire
 h - a ring of protection from cold
 l - a ring of willpower
 q - a +6 ring of strength (right hand)
 t - a +4 ring of evasion
 u - the ring "Xidum" (left hand) {rPois Will++ Slay+2 SInv}
   (You acquired it on level 5 of the Dungeon)

   [ring of see invisible]

   It affects your accuracy and damage with ranged weapons and melee attacks
   (+2).
   It protects you from poison.
   It lets you see invisible.
   It greatly increases your willpower.
 E - a +4 ring of evasion
 M - an amulet of magic regeneration
Wands
 c - a wand of polymorph (6)
 v - a wand of acid (9)
 F - a wand of flame (58)
 J - a wand of digging (3)
 Q - a wand of paralysis (9)
 R - a wand of charming (8)
Scrolls
 m - a scroll of fog {unknown}
 p - 4 scrolls of immolation
 r - 8 scrolls of identify
 s - 2 scrolls of teleportation
 C - a scroll of vulnerability {unknown}
 H - a scroll of magic mapping
 I - 3 scrolls of noise {unknown}
 L - a scroll of amnesia {unknown}
Potions
 d - 4 potions of brilliance
 e - 3 potions of flight
 g - 2 potions of heal wounds {unknown}
 i - 5 potions of attraction
 j - 4 potions of curing
 n - a potion of berserk rage {unknown}
 w - 2 potions of resistance {unknown}
 A - 2 potions of lignification {unknown}
 B - 3 potions of ambrosia {unknown}
 N - a potion of mutation {unknown}


   Skills:
 - Level 5.1 Fighting
 + Level 11.6 Armour
 - Level 1.5 Dodging
 - Level 2.1 Stealth
 + Level 9.2 Spellcasting
 + Level 10.5 Conjurations
 - Level 4.0 Ice Magic


You had 17 spell levels left.
You knew the following spells:

 Your Spells              Type           Power      Damage    Failure   Level
a - Freeze                Ice            100%       1d11      1%          1
b - Frozen Ramparts       Ice            50%        1d7       4%          3
c - Hailstorm             Conj/Ice       38%        3d9       3%          4
d - Ozocubu's Armour      Ice            25%        N/A       4%          3

Your spell library contained the following spells:

 Spells                   Type           Power      Damage    Failure   Level
 Dazzling Flash           Conj/Hex       60%        N/A       2%          3
 Magic Dart               Conj           100%       1d8       1%          1
 Conjure Flame            Conj/Fire      30%        6-21      2%          3
 Mephitic Cloud           Conj/Pois/Air  23%        N/A       5%          3
 Animate Skeleton         Necr           18%        N/A       8%          1
 Apportation              Tloc           18%        N/A       8%          1
 Corona                   Hex            10%        N/A       8%          1
 Summon Small Mammal      Summ           36%        N/A       8%          1
 Blink                    Tloc           N/A        N/A       12%         2
 Call Imp                 Summ           9%         N/A       12%         2
 Slow                     Hex            9%         N/A       12%         2
 Metabolic Englaciation   Hex/Ice        8%         N/A       67%         5


Dungeon Overview and Level Annotations

Branches:
Dungeon (10/15)            Temple (1/1) D:6            Lair (1/6) D:8
Ossuary (visited)
    Orc: D:9-12

Altars:
Dithmenos
Kikubaaqudgha
Makhleb
Nemelex Xobeh
Qazlal
Trog
Vehumet
Wu Jian
Xom
The Shining One

Annotations:
Lair:1 Fannar


Innate Abilities, Weirdness & Mutations

You are immune to sickness and miasma.
Your stone body is resilient. (AC +8)
You are immune to poison.
You resist negative energy. (rN+)
You are resistant to electric shocks. (rElec)
You are resistant to unholy torment.
You are immune to petrification.


Message History

Fannar hits you with a staff of cold! Fannar freezes you.
Casting: Frozen Ramparts (dangerous; 4% risk of failure)
Confirm with . or Enter, or press ? or * to list all spells.
A film of ice covers your body! Fannar hits you but does no damage.
You closely miss Fannar. Fannar hits you but does no damage.
Fannar freezes you! Fannar hits you but does no damage. Fannar freezes you.
You slash Fannar!
Fannar is lightly wounded.
Fannar hits you but does no damage. Fannar freezes you!
You hit Fannar.
Fannar is lightly wounded.
Fannar barely misses you. Fannar closely misses you.
You hit Fannar.
Fannar is moderately wounded.
Fannar closely misses you.
You closely miss Fannar.
Fannar is moderately wounded.
Fannar gestures wildly while chanting.
Fannar mumbles some strange words.
You hit Fannar.
Fannar is moderately wounded.
Fannar hits you but does no damage. Fannar freezes you.
You closely miss Fannar.
Fannar is moderately wounded.
You hit the ice beast.
The ice beast hits you but does no damage.
The ice beast barely misses you.
Fannar gestures wildly while chanting.
You hit the ice beast but do no damage. You closely miss the ice beast.
The ice beast barely misses you.
The ice beast hits you but does no damage.
Unknown command.
You hit the ice beast.
The ice beast is lightly wounded.
You hit the ice beast. The ice beast barely misses you.
The ice beast hits you but does no damage.
Fannar points at you and mumbles some strange words.
The bolt of cold hits the ice beast.
The ice beast completely resists.
The bolt of cold hits you!!!
Ouch! That really hurt!
You die...

#### ##P.# #
###...#### #.#
###........#...#
#..............#
.......Y......#
#...@Y....#
#....(Y..##
#..##P#e.# #..#
## ..# #.## ..#
#..# .. #..### .
##...## ##...#


You could see Fannar and 3 ice beasts.

Vanquished Creatures
  2 hydras (Lair:1)
  Harold (Lair:1)
  Erica (D:9)
  A deep elf pyromancer (D:9)
  Joseph (Lair:1)
  A black mamba (D:8)
  A cane toad (Lair:1)
  2 trolls
  A hornet (D:8)
  Grinder (D:4)
  Prince Ribbit (D:5)
  A wyvern (D:9)
  3 yaks
  3 steam dragons
  A vampire mosquito (D:9)
  An acid dragon (D:8)
  2 water moccasins
  3 orc warriors
  A sky beast (D:6)
  2 ice beasts
  A hornet zombie (D:8)
  2 black bears
  2 centaurs
  A necrophage (D:5)
  2 wolves (D:8)
  An ogre (D:5)
  A phantom (D:6)
  Blork the orc (D:4)
  A kobold brigand (D:6)
  3 bullfrogs
  A gnoll sergeant (D:9)
  4 scorpions
  A wyvern zombie (D:7)
  4 wights (D:9)
  15 killer bees
  A howler monkey (D:6)
  2 electric eels (D:8)
  3 centaur zombies
  5 hounds
  A jelly (D:4)
  A centaur skeleton (D:4)
  2 gnoll shamans
  6 orc priests
  7 orc wizards
  A hound skeleton (D:4)
  8 mummies (Ossuary)
  A howler monkey zombie (D:8)
  8 gnolls
  10 adders
  2 white imps
  An ufetubus (D:5)
  2 worms
  4 dart slugs
  23 orcs
  8 endoplasms
  5 giant cockroaches
  6 goblins
  2 hobgoblins
  15 kobolds
  3 quokkas
  3 ball pythons
  9 bats
  4 frilled lizards
  A hobgoblin zombie (Ossuary)
  4 kobold zombies (Ossuary)
  3 orc zombies (Ossuary)
221 creatures vanquished.

Vanquished Creatures (collateral kills)
  A wolf (D:8)
  A hound (D:8)
2 creatures vanquished.

Vanquished Creatures (others)
  2 fungi (Lair:1)
2 creatures vanquished.

Grand Total: 225 creatures vanquished

Notes
Turn   | Place    | Note
-------+----------+-------------------------------------------
     0 | D:1      | Shayle the Gargoyle Ice Elementalist began the quest for
                  | the Orb.
     0 | D:1      | Reached XP level 1. HP: 10/10 MP: 3/3
   276 | D:1      | Reached skill level 1 in Fighting
   276 | D:1      | Reached skill level 1 in Armour
   276 | D:1      | Reached XP level 2. HP: 13/16 MP: 1/5
   970 | D:1      | Reached XP level 3. HP: 21/21 MP: 3/6
  1161 | D:2      | Learned a level 3 spell: Frozen Ramparts
  1311 | D:2      | Reached skill level 2 in Armour
  1472 | D:2      | Found a faded altar of an unknown god.
  1868 | D:3      | Reached XP level 4. HP: 23/27 MP: 7/7
  1988 | D:3      | Reached skill level 3 in Armour
  2259 | D:3      | Reached XP level 5. HP: 32/32 MP: 8/8
  2925 | D:4      | Reached skill level 4 in Armour
  3031 | D:4      | Noticed Grinder
  3043 | D:4      | Killed Grinder
  3044 | D:4      | Reached skill level 5 in Fighting
  3044 | D:4      | Reached skill level 5 in Armour
  3044 | D:4      | Reached XP level 6. HP: 25/40 MP: 6/9
  3049 | D:4      | Learned a level 4 spell: Hailstorm
  3275 | D:4      | Reached XP level 7. HP: 41/44 MP: 10/10
  3353 | D:4      | Reached skill level 1 in Conjurations
  3395 | D:4      | Noticed Blork the orc
  3422 | D:4      | Killed Blork the orc
  3978 | D:5      | Entered Level 5 of the Dungeon
  3978 | D:5      | Found an ornate altar of the Wu Jian Council.
  4239 | D:4      | Reached skill level 6 in Armour
  4482 | D:5      | Reached XP level 8. HP: 49/49 MP: 11/13
  4530 | D:5      | Noticed Prince Ribbit
  4542 | D:5      | Killed Prince Ribbit
  4776 | D:5      | Reached skill level 7 in Armour
  4802 | D:5      | Learned a level 3 spell: Ozocubu's Armour
  5024 | D:5      | Reached skill level 5 in Conjurations
  5150 | D:5      | Identified a scroll of acquirement
  5150 | D:5      | Acquired the ring "Xidum" {rPois Will++ Slay+2 SInv}
  5333 | D:5      | Found a shimmering altar of Xom.
  5335 | D:5      | Found an ancient bone altar of Kikubaaqudgha.
  5851 | D:6      | Reached XP level 9. HP: 54/54 MP: 16/16
  5861 | D:6      | Reached skill level 5 in Spellcasting
  6137 | D:6      | Reached skill level 8 in Armour
  6618 | D:6      | Found a staircase to the Ecumenical Temple.
  6624 | Temple   | Entered the Ecumenical Temple
  6634 | Temple   | Became a worshipper of Vehumet
  7753 | D:6      | Found a bloodstained altar of Trog.
  8113 | D:7      | Identified the +3 rapier of Heraeb {pain, rPois}
  8346 | D:7      | Reached skill level 9 in Armour
  8483 | D:7      | Reached XP level 10. HP: 47/59 MP: 17/19
  8588 | D:8      | Found a staircase to the Lair.
  8906 | D:8      | Reached * piety under Vehumet
  8906 | D:8      | Offered knowledge of Shock by Vehumet.
  9008 | D:8      | Found a sand-covered staircase.
  9012 | Ossuary  | Entered an ossuary
  9627 | D:8      | Offered knowledge of Foxfire by Vehumet.
  9778 | D:8      | Reached ** piety under Vehumet
  9984 | Lair:1   | Entered Level 1 of the Lair of Beasts
 10047 | Lair:1   | Noticed Joseph
 10063 | Lair:1   | Noticed a cane toad
 10069 | Lair:1   | Noticed an eight-headed hydra
 10092 | Lair:1   | Noticed a black mamba
 10093 | Lair:1   | Noticed a four-headed hydra
 10093 | Lair:1   | Killed a cane toad
 10094 | Lair:1   | Reached skill level 10 in Armour
 10099 | Lair:1   | Killed an eight-headed hydra
 10297 | D:8      | Killed a black mamba
 10638 | D:9      | Reached XP level 11. HP: 63/63 MP: 18/23
 10801 | D:9      | Noticed Erica
 10811 | D:9      | Killed Erica
 11222 | D:9      | Reached skill level 11 in Armour
 11453 | D:9      | Noticed a deep elf pyromancer
 11469 | D:9      | Killed a deep elf pyromancer
 11577 | D:10     | Entered Level 10 of the Dungeon
 11579 | D:10     | Reached skill level 10 in Conjurations
 11679 | D:10     | Noticed a two-headed ogre
 11738 | Lair:1   | Killed a one-headed hydra
 11744 | Lair:1   | Killed Joseph
 11744 | Lair:1   | Offered knowledge of Dazzling Flash by Vehumet.
 11802 | Lair:1   | Noticed Harold
 11979 | Lair:1   | Killed Harold
 12193 | Lair:1   | Noticed Fannar
 12205 | Lair:1   | Killed from afar by Fannar

Illustrated notes

Levels and vault maps discovered:
D:1:      giann_horns, layout_rooms
D:2:      layout_rooms, shapermc_ecumenical_altar_starsandcircs,
          minmay_tetromino_i4
D:3:      layout_basic, grunt_ministairs_6
D:4:      layout_basic, uniq_blork_the_orc, uniq_grinder
D:5:      layout_cave_pods, nicolae_overflow_hidden_temple,
          kennysheep_big_empty_room, uniq_prince_ribbit1
D:6:      layout_gridville, lightli_temple_of_fire, temple_fountains
D:7:      layout_rooms
D:8:      layout_gridville, erik_lair_island, enter_ossuary_5,
          minmay_misc_feat_rows, st_stairs_4
D:9:      layout_irregular_city, kennysheep_generic_room_10, uniq_erica
D:10:     layout_gridville, hangedman_tell_no_tales, uniq_gastronok
Temple:   regret_index_temple_mists
Lair:1:   layout_layer_cave, grunt_megastairs_2, uniq_fannar, uniq_harold,
          uniq_joseph

Skill      XL: |  1  2  3  4  5  6  7  8  9 10 11 |
---------------+----------------------------------+-----
Fighting       | 1 2 3 5 |  5.1
Armour         | 1 2 3 5 6 7 9 10 11 | 11.6
Conjurations   | 3 5 7 9 10 | 10.5
Spellcasting   | 3 4 6 8 9 |  9.2
Dodging        | |  1.5
Stealth        | |  2.1
Ice Magic      | |  4.0

Action                   |  1- 3 |  4- 6 |  7- 9 | 10-12 || total
-------------------------+-------+-------+-------+-------++-------
Melee: Unarmed           |    19 |       |       |       ||    19
       Whip              |    50 |    80 |   229 |   146 ||   505
       War axe           |       |       |       |    12 ||    12
       Scimitar          |       |       |       |     7 ||     7
 Cast: Freeze            |    33 |     1 |    15 |    12 ||    61
       Frozen Ramparts   |     1 |     4 |    22 |    29 ||    56
       Hailstorm         |       |       |     9 |    15 ||    24
       Ozocubu's Armour  |       |       |     3 |     6 ||     9
Evoke: Wand              |       |       |     3 |     7 ||    10
  Use: Scroll            |     3 |       |     6 |     4 ||    13
       Potion            |       |       |     1 |     1 ||     2
 Stab: Sleeping          |     1 |       |     1 |       ||     2
       Distracted        |       |     1 |       |       ||     1
Armor: Robe              |    49 |    40 |   130 |       ||   219
       Steam dragon scal |       |       |    32 |   176 ||   208
Dodge: Dodged            |    77 |    55 |   177 |   147 ||   456
       Rpst.: Scimitar   |       |       |       |     2 ||     2

Table legend: (Time is in decaauts)
 A = Elapsed time spent in this place.
 B = Non-inter-level travel time spent in this place.
 C = Inter-level travel time spent in this place.
 D = Time resting spent in this place.
 E = Time spent auto-exploring this place.
 F = Levels seen in this place.
 G = Mean time per level.
                   A        B        C        D        E       F      G
               +--------+--------+--------+--------+--------+-----+--------+
         Total |  12284 |  11898 |    386 |   2986 |   5816 |  13 |  944.9 |
       Dungeon |  11616 |  11231 |    385 |   2928 |   5658 |  10 | 1161.6 |
        Temple |     24 |     24 |      0 |      0 |     10 |   1 |   24.0 |
          Lair |    317 |    317 |      0 |     58 |    141 |   1 |  317.0 |
       Ossuary |    326 |    326 |      0 |      0 |      7 |   1 |  326.0 |
               +--------+--------+--------+--------+--------+-----+--------+

Top non-repeatable levels by time:
     D:6: 1920 daAuts
     D:8: 1743 daAuts
     D:5: 1573 daAuts
     D:4: 1471 daAuts
     D:1: 1247 daAuts
     D:9: 1241 daAuts
     D:3: 990 daAuts
     D:7: 697 daAuts
     D:2: 694 daAuts
 Ossuary: 326 daAuts
  Lair:1: 317 daAuts
    D:10: 36 daAuts
  Temple: 24 daAuts
